 Dungeon Crawl Stone Soup version 0.30-b1-2-g02819fbbbe (webtiles) character file.

Game seed: 5156833348902942094

37 nightchill the Trooper (level 3, 33/33 HPs)
             Began as a Minotaur Fighter on Sept 8, 2023.
             Quit the game on level 2 of the Dungeon.
             The game lasted 00:01:30 (663 turns).

nightchill the Trooper (Minotaur Fighter)            Turns: 663, Time: 00:01:30

Health: 33/33      AC:  6    Str: 22    XL:     3   Next: 23%
Magic:  2/2        EV:  9    Int:  5    God:
Gold:   45         SH:  4    Dex:  9    Spells: 2/2 levels left

rFire   . . .        a - +0 war axe
rCold   . . .        c - +0 buckler
rNeg    . . .        b - +0 scale mail
rPois   .            (helmet restricted)
rElec   .            (no cloak)
rCorr   .            (no gloves)
SInv    .            (no boots)
Will    .....        (no amulet) Stlth
                     (no ring)
HPRegen 0.25/turn    (no ring)
MPRegen 0.08/turn

%: no passive effects
@: no status effects
A: horns 2, retaliatory headbutt
a: no special abilities


You were on level 2 of the Dungeon.
You visited 1 branch of the dungeon, and saw 2 of its levels.

You collected 45 gold pieces.

Inventory:

Hand Weapons
 a - a +0 war axe (weapon)
Armour
 b - a +0 scale mail (worn)
 c - a +0 buckler (worn)
Scrolls
 e - a scroll of enchant weapon {unknown}
 f - a scroll of vulnerability {unknown}
 h - a scroll of blinking {unknown}
 m - a scroll of noise {unknown}
 n - a scroll of magic mapping {unknown}
Potions
 d - a potion of might
 g - a potion of curing {unknown}
 i - a potion of mutation {unknown}
 j - a potion of haste {unknown}
 k - a potion of lignification {unknown}
 l - 2 potions of brilliance {unknown}


   Skills:
 + Level 4.2 Fighting
 * Level 3.9 Axes
 - Level 3.6 Armour
 + Level 0.5 Dodging
 - Level 3.6 Shields


You had 2 spell levels left.
You didn't know any spells.
Your spell library was empty.

Dungeon Overview and Level Annotations

Branches:
Dungeon (2/15)

Altars:


Innate Abilities, Weirdness & Mutations

You have a pair of horns on your head.
You reflexively headbutt those who attack you in melee.


Message History

Done exploring.
Done exploring.
Done exploring.
Done exploring.
Search for what [? for help]? .
(D) Dungeon
Where to? (? - help)
There is a stone staircase leading down here.
You climb downwards.
There is a stone staircase leading up here.
A kobold comes into view. It is wielding a +0 short sword.
The kobold shouts!
The kobold moves out of view.
A rat comes into view.
A rat is nearby!
Found a scroll labelled ETWIMI BECECS.
The kobold hits you but does no damage.
The rat twitches its whiskers.
The kobold closely misses you.
You miss the kobold. You headbutt the kobold.
You kill the kobold!
You slash the rat!
You kill the rat!
No target in view!
No target in view!
No target in view!
Things that are here:
a +0 short sword; a kobold corpse
n - a scroll labelled ETWIMI BECECS An adder comes into view.
The adder hisses angrily.
An adder is nearby!
Found 2 stones.
You hit the adder but do no damage. The adder barely misses you. x2
You furiously retaliate!
You headbutt the adder!
You kill the adder!
You have reached level 3!
Your experience leads to an increase in your attributes!
Increase (s)trength, (i)ntelligence, or (d)exterity?
You feel stronger. x2
Are you sure you want to abandon this character and quit the game? (Confirm with "yes".)

#.......#
#.#.......#
#.#.......#
#.###.###.#
#. #.# #.# #
#. #.# #.#
##.#. #.#
#.#
..#....###.#
#.#
......†@...#
.#
.......#####
.#...#. ...#
#. (. #. .
.. #. #.


There were no monsters in sight!

Vanquished Creatures
  An adder (D:2)
  A dart slug (D:1)
  4 bats (D:1)
  2 endoplasms (D:1)
  2 giant cockroaches (D:1)
  2 goblins (D:1)
  A hobgoblin (D:1)
  A quokka (D:1)
  A ball python (D:1)
  3 frilled lizards (D:1)
  2 kobolds
  6 rats
26 creatures vanquished.

Notes
Turn   | Place    | Note
-------+----------+-------------------------------------------
     0 | D:1      | nightchill the Minotaur Fighter began the quest for the
                  | Orb.
     0 | D:1      | Reached XP level 1. HP: 19/19 MP: 0/0
    64 | D:1      | Reached XP level 2. HP: 26/27 MP: 1/1
   119 | D:1      | Reached skill level 4 in Fighting
   663 | D:2      | Reached XP level 3. HP: 33/33 MP: 2/2
   663 | D:2      | Quit the game

Illustrated notes

Levels and vault maps discovered:
D:1:      wander_arrival_lonely_grave, layout_loops_cross
D:2:      layout_loops_ring, serial_shops, shop, shop, shop, nicolae_shop_stone

Skill      XL: |  1  2 |
---------------+-------+-----
Axes           | 3 |  3.9
Fighting       | 4 |  4.2
Armour         | |  3.6
Dodging        | |  0.5
Shields        | |  3.6

Action                     || total
---------------------------++-------
  Melee: War axe           ||    48
         Headbutt          ||     3
 Armour: Scale mail        ||    26
  Dodge: Dodged            ||    23
  Block: Buckler           ||     7
